 Dungeon Crawl Stone Soup version 0.31-a0-233-g139696dc86 (webtiles) character file.

Game seed: 5005958633756551061

74 qw the Shooter (level 4, -2/36 HPs)
             Began as a Minotaur Hexslinger on July 9, 2023.
             Killed from afar by an orc wizard (6 damage)
             ... with a magic dart
             ... on level 3 of the Dungeon.
             The game lasted 00:00:39 (1396 turns).

qw the Shooter (Minotaur Hexslinger)                Turns: 1396, Time: 00:00:40

Health: -2/36      AC:  5    Str: 12    XL:     4   Next: 10%
Magic:  4/4        EV: 11    Int: 10    God:
Gold:   129        SH:  0    Dex: 15    Spells: 4/5 levels left

rFire   . . .        Y - +1 sling
rCold   . . .        (no shield)
rNeg    . . .        i - +0 ring mail
rPois   .            (helmet restricted)
rElec   .            (no cloak)
rCorr   .            (no gloves)
SInv    .            (no boots)
Will    .....        g - amulet of faith
Stlth   +            (no ring)
HPRegen 0.26/turn    (no ring)
MPRegen 0.09/turn

%: faith
@: no status effects
A: horns 2, retaliatory headbutt
a: no special abilities


You were on level 3 of the Dungeon.
You visited 1 branch of the dungeon, and saw 3 of its levels.

You collected 129 gold pieces.


Innate Abilities, Weirdness & Mutations

You have a pair of horns on your head.
You reflexively headbutt those who attack you in melee.


   Skills:
 - Level 2.0 Fighting
 + Level 4.4 Ranged Weapons
 - Level 1.1 Armour
 - Level 2.1 Dodging
 - Level 1.0 Spellcasting
 - Level 2.0 Hexes


You had 4 spell levels left.
You knew the following spells:

 Your Spells              Type           Power      Damage    Failure   Level
a - Slow                  Hex            16%        N/A       34%         1

Your spell library contained the following spells:

 Spells                   Type           Power      Damage    Failure   Level
 Inner Flame              Hex/Fire       2%         N/A       83%         3
 Portal Projectile        Hex/Tloc       4%         N/A       83%         3
 Cause Fear               Hex            2%         N/A       98%         4

Inventory:

Hand Weapons
 Y - a +1 sling (weapon)
Armour
 h - a +0 cloak
 i - a +0 ring mail (worn)
Jewellery
 g - an amulet of faith (around neck)
Scrolls
 a - 2 scrolls of identify
 j - a scroll of silence {unknown}
Potions
 b - a potion of heal wounds
 c - a potion of cancellation {unknown}
 d - a potion of curing {unknown}
 e - a potion of degeneration {unknown}
 f - a potion of attraction {unknown}

Dungeon Overview and Level Annotations

Branches:
Dungeon (3/15)

Altars:
Dithmenos
Elyvilon
Makhleb
Ru
Sif Muna
Yredelemnul
Zin

Shops:
D:3 [


Message History

You shoot a sling bullet. Something hits you but does no damage.
Something hits you.
You shoot a sling bullet. Something hits you.
You shoot a sling bullet. Something hits you.
You shoot a sling bullet. Something hits you.
You hear some strange, mumbled words.
A magic dart appears from out of thin air!
The magic dart hits you.
You shoot a sling bullet.
You hear some strange, mumbled words.
Something tries to affect you, but you resist.
You shoot a sling bullet. Something hits you but does no damage.
You shoot a sling bullet. Something hits you but does no damage.
You hear some strange, mumbled words.
A magic dart appears from out of thin air!
The magic dart hits you.
You shoot a sling bullet.
You hear some strange, mumbled words.
A puff of flame appears from out of thin air!
The puff of flame hits you.
You shoot a sling bullet. Something hits you.
You shoot a sling bullet.
Something hits you but does no damage. x2
You shoot a sling bullet. Something hits you but does no damage.
You shoot a sling bullet. Something hits you but does no damage.
You shoot a sling bullet. Something hits you.
Something hits you but does no damage.
You shoot a sling bullet.
You hear some strange, mumbled words.
A magic dart appears from out of thin air!
The magic dart hits you.
You die...

#........#.#.##
#........#.#.#
#[.......#.#.#
#........#.#.#
#........#.#.#
#........#...#
#..##
##+#######..#
....!.{@.:..#
#########...#
#####


There were no monsters in sight!

Vanquished Creatures
  2 adders
  A worm (D:3)
  3 dart slugs
  5 orcs (D:3)
  5 ball pythons
  5 endoplasms
  2 giant cockroaches (D:2)
  3 goblins (D:2)
  3 hobgoblins (D:1)
  2 jackals (D:3)
  A quokka (D:2)
  2 bats
  2 frilled lizards (D:1)
  2 kobolds
  3 rats
41 creatures vanquished.

Notes
Turn   | Place    | Note
-------+----------+-------------------------------------------
     0 | D:1      | qw the Minotaur Hexslinger began the quest for the Orb.
     0 | D:1      | Reached XP level 1. HP: 16/16 MP: 1/1
     0 | D:1      | 0 ||| qw: Version: 0.3-a-51-g015441d
     0 | D:1      | 0 ||| qw: Game counter: 3945
     0 | D:1      | 0 ||| qw: Melee chars always use a shield: true
     0 | D:1      | 0 ||| qw: God list: Okawaru
     0 | D:1      | 0 ||| qw: Allow faded altars: false
     0 | D:1      | 0 ||| qw: Do Orc after clearing Dungeon:15 true
     0 | D:1      | 0 ||| qw: Do second Lair branch before Depths: true
     0 | D:1      | 0 ||| qw: Lair rune preference: random
     0 | D:1      | 0 ||| qw: Goals: Normal
     0 | D:1      | 0 ||| PLANNING D:1-11
   230 | D:1      | Reached skill level 3 in Ranged Weapons
   326 | D:1      | Reached XP level 2. HP: 23/23 MP: 2/2
   516 | D:1      | 516 ||| UPGRADING to amulet of faith.
   521 | D:1      | 521 ||| READING 2 scrolls labelled NAOCEI UKKO.
   522 | D:1      | 522 ||| READING scroll labelled YLOBA BAHYD.
   523 | D:1      | 523 ||| DROPPING scroll of poison.
   623 | D:2      | Found a faded altar of an unknown god.
   887 | D:2      | 887 ||| UPGRADING to +0 ring mail.
   897 | D:2      | 897 ||| DROPPING +0 robe.
   898 | D:2      | 898 ||| READING scroll labelled WIECOTUDAAN.
   899 | D:2      | 899 ||| READING scroll labelled KEREISSEORUFF.
   900 | D:2      | 900 ||| DRINKING 2 pink potions.
   941 | D:3      | Reached XP level 3. HP: 25/29 MP: 3/3
   941 | D:3      | 941 ||| STAIRDANCE
   977 | D:3      | Found Irionliy's Antique Armour Shoppe.
   992 | D:3      | 992 ||| SHOPLISTING +2 ratskin cloak {*Rats rPois rN+ Str-1
                  | Int-1 Dex+1} (722 gold, have 64).
   992 | D:3      | 992 ||| SHOPLISTING pair of runed boots (195 gold, have
                  | 64).
  1038 | D:3      | Reached skill level 4 in Ranged Weapons
  1113 | D:3      | Found a white marble altar of Elyvilon.
  1114 | D:3      | Found a basalt altar of Yredelemnul.
  1114 | D:3      | Found a sacrificial altar of Ru.
  1116 | D:3      | Found a burning altar of Makhleb.
  1119 | D:3      | Found a shadowy altar of Dithmenos.
  1119 | D:3      | Found a glowing silver altar of Zin.
  1120 | D:3      | Found a shimmering blue altar of Sif Muna.
  1134 | D:3      | Reached skill level 1 in Armour
  1272 | D:3      | Reached XP level 4. HP: 36/36 MP: 4/4
  1390 | D:3      | HP: 8/36 [something/puff of flame (6)]
  1395 | D:3      | HP: 4/36 [something (2)]
  1396 | D:3      | Killed from afar by an orc wizard

Levels and vault maps discovered:
D:1:      mrwooster_arrival_arrow, layout_loops_ring
D:2:      layout_rooms, ebering_ecumenical_altar_ruins
D:3:      layout_loops_ring, grunt_temple_overflow_open, serial_shops, shop,
          minivault_25

Skill      XL: |  1  2  3 |
---------------+----------+-----
Ranged Weapons | 3 4 |  4.4
Fighting       | 2 |  2.0
Armour         | 1 |  1.1
Dodging        | |  2.1
Spellcasting   | |  1.0
Hexes          | |  2.0

Action                     |  1- 3 |  4- 6 || total
---------------------------+-------+-------++-------
   Fire: Sling             |   115 |    40 ||   155
    Use: Scroll            |     4 |       ||     4
         Potion            |     1 |       ||     1
 Armour: Robe              |     2 |       ||     2
         Ring mail         |    15 |    15 ||    30
  Dodge: Dodged            |    26 |     5 ||    31

Table legend:
 A = Non-vault XP
 B = Vault XP
 C = Vault XP percentage of total XP
 D = Non-vault monster count
 E = Vault monster count
 F = Vault count percentage of total count
                 A         B        C        D         E       F
            +---------+---------+-------+---------+---------+-------
      Total |     107 |       0 |   0.0 |      41 |       0 |   0.0
            +---------+---------+-------+---------+---------+-------
        D:1 |      14 |       0 |   0.0 |      10 |       0 |   0.0
        D:2 |      39 |       0 |   0.0 |      14 |       0 |   0.0
        D:3 |      54 |       0 |   0.0 |      17 |       0 |   0.0
            +---------+---------+-------+---------+---------+-------
